 Dungeon Crawl Stone Soup version 0.30.1-11-g7821555f0a (webtiles) character file.

Game seed: 10689204145460529547

9 monsoonserge the Magician (level 2, 0/21 HPs)
             Began as a Djinni Hedge Wizard on Nov 16, 2023.
             Slain by a rat (1 damage)
             ... on level 1 of the Dungeon.
             The game lasted 00:01:39 (212 turns).

monsoonserge the Magician (Djinni Hedge Wizard)      Turns: 212, Time: 00:01:40

Health: 0/21       AC:  2    Str:  9    XL:     2   Next: 25%
Gold:   0          EV: 12    Int: 15    God:
                   SH:  0    Dex: 12

rFire   + + .        a - +0 dagger
rCold   x . .        (no shield)
rNeg    . . .        b - +0 robe
rPois   ∞            c - +0 hat
rElec   .            (no cloak)
rCorr   .            (no gloves)
SInv    .            (boots unavailable)
Will    .....        (no amulet)
Stlth   ++           (no ring)
HPRegen 0.23/turn    (no ring)
MPRegen 0.00/turn

%: infuse magic (-1 HP)
@: flying, very slightly contaminated
A: sickness immunity, fire resistance 2, cold vulnerability 1, float, innate
caster, HP casting, extra vitality 1
a: no special abilities


You were on level 1 of the Dungeon.
You visited 1 branch of the dungeon, and saw 1 of its levels.

Inventory:

Hand Weapons
 a - a +0 dagger (weapon)
Missiles
 e - 5 boomerangs of dispersal
Armour
 b - a +0 robe (worn)
 c - a +0 hat (worn)
Scrolls
 d - a scroll of enchant weapon {unknown}


   Skills:
 + Level 2.2 Dodging
 + Level 1.7 Stealth
 + Level 2.8 Spellcasting


You knew the following spells:

 Your Spells              Type           Power      Damage    Failure   Level
a - Magic Dart            Conj           40%        1d5       6%          1
b - Slow                  Hex            40%        N/A       6%          1
c - Blink                 Tloc           20%        N/A       10%         2
d - Call Imp              Summ           20%        N/A       10%         2
e - Mephitic Cloud        Conj/Pois/Air  10%        N/A       19%         3
Your spell library was empty.

Dungeon Overview and Level Annotations

Branches:
Dungeon (1/15)

Altars:


Innate Abilities, Weirdness & Mutations

You are immune to sickness and miasma.
You are immune to poison.
Your flesh is very heat resistant. (rF++)
You are vulnerable to cold. (rC-)
You float through the air rather than walking.
You learn spells naturally, not from books.
Your magical power is your life essence.
You have superior vitality. (+4 MHP)


Message History

The hobgoblin hits your cerulean imp.
Casting: Magic Dart (safe; 6% risk of failure)
Confirm with . or Enter, or press ? or * to list all spells.
Aiming: Magic Dart (safe; 6% risk of failure)
Press: ? - help, Shift-Dir - straight line, f/p - hobgoblin
Aim: a hobgoblin (100% to hit)
The magic dart hits the hobgoblin.
The hobgoblin is lightly wounded.
* * * LOW HITPOINT WARNING * * *
Your cerulean imp barely misses the hobgoblin.
The hobgoblin hits you.
* * * LOW HITPOINT WARNING * * *
The hobgoblin closely misses your cerulean imp.
Casting: Magic Dart (safe; 6% risk of failure)
Confirm with . or Enter, or press ? or * to list all spells.
You don't have enough health to cast this spell.
You don't have enough health to cast this spell.
Unknown command.
You hit the hobgoblin but do no damage.
The hobgoblin is lightly wounded.
Your cerulean imp hits the hobgoblin with a -3 spear.
The hobgoblin misses you.
The hobgoblin closely misses your cerulean imp.
You hit the hobgoblin.
The hobgoblin is moderately wounded.
The giant cockroach bites you.
* * * LOW HITPOINT WARNING * * *
Your cerulean imp hits the hobgoblin with a -3 spear.
The giant cockroach barely misses you. The hobgoblin barely misses you.
The hobgoblin barely misses your cerulean imp.
You hit the hobgoblin but do no damage.
The hobgoblin is moderately wounded.
Your cerulean imp hits the hobgoblin with a -3 spear.
The hobgoblin dies!
The hobgoblin misses you. The rat bites you but does no damage.
You barely miss the hobgoblin.
The hobgoblin is moderately wounded.
The giant cockroach bites you but does no damage.
The rat bites you.
You die...

...........gr###.....
.................##
......#####†#..###
......# ##.##5###
.....### #...#(..#
....##.###(..##..#
....#...#.(((.#..#
....#...#(((((#rg######..
....#.<('.(8(.#.@#.......
#...#.((.(#.BB.......
#...#.((.(#..........
##.###(.(#####....... ###
#.((# ....... ##.##
....... +# .......
....... .......


You could see 2 giant cockroaches, a hobgoblin (ally target), a rat and a
friendly cerulean imp (summoned).

Vanquished Creatures
  A ball python (D:1)
  2 endoplasms (D:1)
  A giant cockroach (D:1)
  A goblin (D:1)
5 creatures vanquished.

Vanquished Creatures (collateral kills)
  A ball python (D:1)
  A hobgoblin (D:1)
2 creatures vanquished.

Grand Total: 7 creatures vanquished

Notes
Turn   | Place    | Note
-------+----------+-------------------------------------------
     0 | D:1      | monsoonserge the Djinni Hedge Wizard began the quest for
                  | the Orb.
     0 | D:1      | monsoonserge set off with the following spells memorised:
                  | Magic Dart, Slow, Blink, Call Imp, Mephitic Cloud.
     0 | D:1      | Reached XP level 1. HP: 15/15 MP: 0/0
   183 | D:1      | Reached XP level 2. HP: 11/21 MP: 0/0
   208 | D:1      | HP: 1/21 [hobgoblin (3)]
   212 | D:1      | Slain by a rat

Illustrated notes

Levels and vault maps discovered:
D:1:      minmay_arrival_shattered_statue, layout_rooms,
          nicolae_ecumenical_lake_church, palyth_stone_intersect

Action                     || total
---------------------------++-------
  Melee: Dagger            ||     4
   Cast: Magic Dart        ||    28
         Blink             ||     1
         Call Imp          ||     1
 Armour: Robe              ||     7
  Dodge: Dodged            ||    16
